 Dungeon Crawl Stone Soup version 0.27-b1-42-g19c61b19a5 (webtiles) character file.

Game seed: 10135382273408285906

3 hawla the Sneak (level 1, 0/13 HPs)
             Began as a Deep Elf Delver on July 29, 2021.
             Succumbed to an adder's poison
             ... on level 3 of the Dungeon.
             The game lasted 00:02:09 (242 turns).

hawla the Sneak (Deep Elf Delver)                    Turns: 242, Time: 00:02:09

Health: 0/13       AC:  6    Str:  9    XL:     1   Next: 41%
Magic:  3/3        EV: 12    Int: 18    God:
Gold:   19         SH:  0    Dex: 16    Spells: 0/0 levels left

rFire    . . .     SeeInvis .   a - +0 short sword
rCold    . . .     Faith    .   (no shield)
rNeg     . . .     Spirit   .   b - +0 leather armour
rPois    +         Reflect  .   (no helmet)
rElec    .         Harm     .   h - +2 cloak of the Saviour {Rampage rPois Int+4}
rCorr    .         Rampage  +   (no gloves)
Will     .....                  (no boots)
Stlth    +++.......             (no amulet)
HPRegen  0.04/turn              (no ring)
MPRegen  0.08/turn              (no ring)

@: lethally poisoned (0 -> -3), hasted, very quick
A: no striking features
a: no special abilities


You were on level 3 of the Dungeon.
You visited 1 branch of the dungeon, and saw 3 of its levels.
You also visited: Sewer.

You collected 19 gold pieces.

Inventory:

Hand Weapons
 a - a +0 short sword (weapon)
Armour
 b - a +0 leather armour (worn)
 h - the +2 cloak of the Saviour (worn) {Rampage rPois Int+4}
   (You found it on level 4 of the Dungeon)

   Int:       It affects your intelligence (+4).
   rPois:     It protects you from poison.
   Rampage:   It bestows one free step when moving towards enemies.
Wands
 g - a wand of digging (3)
Scrolls
 i - a scroll of enchant armour {unknown}


   Skills:
 + Level 2.4 Fighting
 + Level 2.0 Short Blades
 + Level 2.4 Dodging
 + Level 6.2 Stealth


You couldn't memorise any spells.
You didn't know any spells.
Your spell library contained the following spells:

 Spells                   Type           Power      Damage    Failure   Level
 Conjure Flame            Conj/Fire      0%         6-21      67%         3
 Ignite Poison            Fire/Tmut/Pois 0%         N/A       67%         3
 Sticky Flame             Conj/Fire      0%         2d3       97%         4


Dungeon Overview and Level Annotations

Branches:
Dungeon (5/15)              Sewer (visited)
 Temple: D:4-7

Altars:


Message History

Okay, then.
Unknown command.
You are too injured to fight recklessly!
The adder misses you.
You hit the adder but do no damage. The adder barely misses you.
You closely miss the adder. The adder bites you but does no damage.
You completely miss the adder. The adder bites you but does no damage.
The adder completely misses you.
You hit the adder but do no damage. The adder barely misses you.
You closely miss the adder. The adder bites you but does no damage.
You miss the adder.
The adder bites you but does no damage. x2
You miss the adder. The adder closely misses you.
You miss the adder. The adder closely misses you.
You barely miss the adder. The adder bites you but does no damage.
The adder closely misses you.
You hit the adder but do no damage. The adder barely misses you.
You hit the adder.
The adder is heavily wounded.
The adder barely misses you.
You barely miss the adder.
The adder is heavily wounded.
The adder barely misses you.
You miss the adder.
The adder is heavily wounded.
The adder bites you.
You are lethally poisoned!
The adder poisons you! The adder bites you but does no damage.
Unknown command.
You hit the adder but do no damage.
The adder is heavily wounded.
* * * LOW HITPOINT WARNING * * *
You feel sick. The adder misses you.
Unknown command.
* * * LOW HITPOINT WARNING * * *
You feel sick. The adder closely misses you.
* * * LOW HITPOINT WARNING * * *
You feel sick.
There is a collapsed entrance here.
You feel yourself speed up.
You die...

##########
#.≈≈≈#≈S≈#
#.≈≈≈#≈@≈#
##########.≈≈≈'≈≈≈#
#...........≈≈##'##
#.########..≈≈≈≈≈≈*
#.# #...≈≈≈≈≈#
#.###### #......≈.#
#......###).......#
.........#..####.##
...#.#.#.#.## *#.#


You could see an adder.

Vanquished Creatures
  2 ball pythons (Sewer)
  A goblin (D:3)
3 creatures vanquished.

Notes
Turn   | Place    | Note
-------+----------+-------------------------------------------
     0 | D:5      | hawla the Deep Elf Delver began the quest for the Orb.
     0 | D:5      | Reached XP level 1. HP: 13/13 MP: 3/3
    19 | D:4      | Identified the +2 cloak of the Saviour {Rampage rPois
                  | Int+4}
   167 | D:3      | Found a glowing drain.
   176 | Sewer    | Entered a sewer
   242 | D:3      | Succumbed to an adder's poison

Illustrated notes

Levels and vault maps discovered:
D:3:      layout_basic, serial_corexii_hall, chequers_hall_statues_y,
          chequers_hall_statues_wall_a, corexii_hall_statues_x,
          portal_sewer_entry_e, kennysheep_generic_room_15
D:4:      layout_rooms, minmay_misc_feat_square,
          hangedman_abyss_or_decor_stagger, guppyfry_shop_venom
D:5:      layout_rooms, uniq_sigmund, uniq_ijyb

Action                   || total
-------------------------++-------
Melee: Short sword       ||    20
  Use: Scroll            ||     3
       Potion            ||     1
Armor: Leather armour    ||    13
Dodge: Dodged            ||    15
